 Dungeon Crawl Stone Soup version 0.17.1-2-g5865329 (webtiles) character file.

266 ololoev the Chopper (level 6, 30/47 HPs)
             Began as a Demonspawn Fighter on Feb 16, 2016.
             Was a Follower of Vehumet.
             Quit the game on level 3 of the Dungeon.
             The game lasted 00:07:23 (1016 turns).

ololoev the Chopper (Demonspawn Fighter)            Turns: 1016, Time: 00:07:24

Health: 30/47      AC: 12    Str: 18    XL:     6   Next: 0%
Magic:  6/6        EV:  7    Int: 10    God:    Vehumet [*.....]
Gold:   56         SH:  8    Dex: 12    Spells: 0 memorised, 5 levels left

rFire  + . .     SeeInvis .     a - +0 war axe
rCold  . . .     Clarity  .     l - +2 scale mail {rF+}
rNeg   . . .     SustAt   .     c - +0 shield
rPois  +         Gourm    .     (helmet restricted)
rElec  .         Spirit   .     (no cloak)
rCorr  .         Warding  .     (no gloves)
rMut   .         Stasis   .     (no boots)
MR     .....                    (no amulet)
Stlth  ..........               (no ring)
                                f - ring of poison resistance

@: not resistant to hostile enchantments, extremely unstealthy
A: horns 1, yellow scales 2, rot immunity
a: Renounce Religion


Innate Abilities, Weirdness & Mutations

You have a pair of small horns on your head.
You are mostly covered in yellow scales (AC +3).
You are immune to rotting.

Inventory:

Hand Weapons
 a - a +0 war axe (weapon)
Armour
 c - a +0 shield (worn)
 l - a +2 scale mail of fire resistance (worn)
Jewellery
 f - a ring of poison resistance (left hand)
Wands
 b - a wand of confusion (7)
 k - a wand of polymorph (12)
Scrolls
 d - a scroll of immolation {unknown}
 g - a scroll of remove curse {unknown}
 h - 2 scrolls of identify {unknown}
 i - a scroll of enchant weapon {unknown}
Comestibles
 e - 4 bread rations
 j - a chunk of flesh


   Skills:
 - Level 3.0 Fighting
 * Level 4.8 Axes
 + Level 4.0 Armour
 - Level 2.6 Shields


You had 5 spell levels left.
You didn't know any spells.


You were on level 3 of the Dungeon.
You worshipped Vehumet.
Vehumet was aware of your devotion.
You were not hungry.

You visited 1 branch of the dungeon, and saw 4 of its levels.

You collected 56 gold pieces.

.#...........#
#######...#####.
##.## #. . ### #.#
#.# ##. ..# #.# #..
... #.# ##'##
##.###.###. ##...##
#.......... #### #
##.....###..#..)##
#... #
##.......##.#@# ..#
#.#. #
#.....<...#.)#.)#
########.[. ..
+.........'.....#
...........
..##.........####.##
########...
#####..(....## ..#
###. # ##.....##
.#.# ## # ##...##
.### # # ##+## .# #
#

Notes
Turn   | Place    | Note
--------------------------------------------------------------
     0 | D:1      | ololoev the Demonspawn Fighter began the quest for the Orb.
     0 | D:1      | Reached XP level 1. HP: 18/18 MP: 1/1
    42 | D:1      | Gained mutation: You are immune to rotting. [demonic ancestry]
    42 | D:1      | Reached XP level 2. HP: 8/24 MP: 2/2
   240 | D:2      | Gained mutation: You are partially covered in yellow scales (AC +2). [demonic ancestry]
   240 | D:2      | Reached XP level 3. HP: 24/29 MP: 3/3
   428 | D:4      | Got a fine helmet
   434 | D:4      | Identified the cursed +0 helmet of the Hidden Beggars {MR++ rCorr Str-2 Stlth+} (You found it on level 4 of the Dungeon)
   465 | D:4      | Noticed Eustachio
   639 | D:3      | Noticed Ijyb
   662 | D:3      | Gained mutation: You are mostly covered in yellow scales (AC +3). [demonic ancestry]
   662 | D:3      | Reached XP level 4. HP: 18/35 MP: 4/4
   663 | D:3      | Killed Ijyb
   863 | D:4      | Noticed Eustachio
   863 | D:4      | Eustachio changed into Eustachio the fire bat
   891 | D:4      | Killed Eustachio the fire bat
   891 | D:4      | Reached skill level 4 in Axes
   891 | D:4      | Gained mutation: You have a pair of small horns on your head. [demonic ancestry]
   891 | D:4      | Reached XP level 5. HP: 12/41 MP: 5/5
  1006 | D:3      | Found a faded altar to an unknown god.
  1015 | D:3      | Became a worshipper of Vehumet
  1015 | D:3      | Reached * piety under Vehumet
  1015 | D:3      | Offered knowledge of Sting by Vehumet.
  1015 | D:3      | Reached XP level 6. HP: 29/47 MP: 6/6
  1016 | D:3      | Quit the game

Dungeon Overview and Level Annotations

Branches:
Dungeon (4/15)
 Temple: D:4-7

Altars:
Vehumet


Message History

As you open the door, it creaks loudly!
An orc comes into view. It is wielding a mace.
You hear a shout! x2
The orc moves out of view.
Found a mace.
Found a faded altar to an unknown god.
An orc comes into view. It is wielding a club.
The orc shouts!
An orc comes into view. It is wielding a dagger.
There is an open door here.
You closely miss the orc. Your headbutt misses the orc.
The orc hits you but does no damage.
You closely miss the orc. Your headbutt misses the orc. You hit the orc.
The orc is moderately wounded.
The orc hits you but does no damage. You block the orc's attack.
You slash the orc!
You kill the orc!
You closely miss the orc.
The orc is moderately wounded.
The orc hits you but does no damage.
You slash the orc!
You kill the orc!
Your shield prevents you from hitting the orc.
You block the orc's attack.
Found a club.
There is a faded altar to an unknown god here.
Things that are here:
a dagger; a mace; an orc corpse This altar will convert you to a god.
You cannot discern which.
Do you pray? Vehumet accepts your prayer! Vehumet welcomes you!
You can now gain magical power from killing.
Vehumet offers you knowledge of Sting.
You hit the orc. You headbutt the orc.
You kill the orc!
Vehumet accepts your kill.
You have reached level 6!
Your experience leads to an increase in your attributes!
Increase (S)trength, (I)ntelligence, or (D)exterity?
You feel stronger.
Are you sure you want to abandon this character and quit the game? (Confirm with "yes".)

There were no monsters in sight!

Vanquished Creatures
  A fire bat (D:4)
  Ijyb (D:3)
  5 adders
  A worm (D:2)
  3 giant geckos
  4 orcs (D:3)
  4 bats
  4 giant cockroaches
  A hobgoblin (D:2)
  4 kobolds
  2 quokkas (D:1)
  2 ball pythons
  A giant newt (D:2)
  11 goblins
  A quokka skeleton (D:3)
  7 rats
52 creatures vanquished.

Action                   |  1- 3 |  4- 6 || total
-------------------------+-------+-------++-------
Melee: War axe           |   117 |    40 ||   157
Evoke: Wand              |     2 |     6 ||     8
  Use: Potion            |     3 |       ||     3
  Eat: Chunk             |       |     1 ||     1

Vault maps used:
D:1:      onia_arrival_larder, patterned_corridor
D:2:      first_bread, minmay_misc_feat_square, st_stairs_11, uniq_natasha,
          uniq_robin
D:3:      kennysheep_the_goblin_king, ecumenical_altar_1,
          minmay_misc_feat_ornament, uniq_iyjb
D:4:      nicolae_gozag_cash_rules_everything_around_me, uniq_sigmund,
          uniq_eustachio
